WCHLSIM.com - West Coast Hockey League
html PUBLIC "-//W3C//DTD XHTML 1.0 Transitional//EN" "http://www.w3.org/TR/xhtml1/DTD/xhtml1-transitional.dtd"> WCHL - Game 213 - OAKLAND GORILLAS vs EDMONTON ICE

OAKLAND GORILLAS vs EDMONTON ICE

Created - 12 novembre 2022 at 22:09

Goals
1 2 3 T
OAKLAND GORILLAS 2 2 1 5
EDMONTON ICE 0 1 0 1
Shots
1 2 3 T
OAKLAND GORILLAS 12 9 9 30
EDMONTON ICE 6 7 9 22

1st period

1. OAKLAND GORILLAS , Conor Garland 4 (Boone Jenner 9, Jesse Puljujarvi 6) at 1:43
2. OAKLAND GORILLAS , Paul Stastny 5 (Joel Farabee 6) at 11:18

Penalties :
Jordan Spence (EDM) for Cross-checking (Minor) at 18:53

2nd period

3. OAKLAND GORILLAS , Martin Fehervary 2 (Brock Boeser 7, Nico Hischier 12) at 3:19
4. EDMONTON ICE , Anton Lundell 4 (Tanner Jeannot 6, Shea Theodore 6) at 4:27
5. OAKLAND GORILLAS , Nico Hischier 2 (Zachary Werenski 4, Boone Jenner 10) at 16:29 (PP)

Penalties :
Martin Fehervary (OAK) for Delaying the game (Minor) at 0:59, Ryan Graves (EDM) for Hooking (Minor) at 14:58

3rd period

6. OAKLAND GORILLAS , Hampus Lindholm 1 (Boone Jenner 11, Nico Hischier 13) at 10:37 (PP)

Penalties :
Zachary Werenski (OAK) for Roughing (Minor) at 5:38, Scott Laughton (EDM) for Tripping (Minor) at 8:48

Goalie Stats

James Reimer (OAK), 21 saves from 22 shots - (0,955), W, 8-2-0, 60:00 minutes
Alex Nedeljkovic (EDM), 9 saves from 10 shots - (0,900), 23:31 minutes
Jonathan Quick (EDM), 16 saves from 20 shots - (0,800), L, 3-6-0, 36:29 minutes

Players Stats for OAKLAND GORILLAS

Player Name              G  A  P  +/- PIM S  H  SB GA TA FO     MP     PP MP  PK MP  
------------------------------------------------------------------------------------
Boone Jenner             0  3  3   1  0   2  1  0  0  0  10/15  16:06   2:34   0:00 
Brock Boeser             0  1  1   0  0   2  0  0  0  0  0/0    17:33   2:45   0:00 
Calle Jarnkrok           0  0  0   1  0   2  2  0  0  0  2/4    14:25   0:00   1:28 
Cameron York             0  0  0   1  0   1  0  0  0  0  0/0    18:37   2:32   0:00 
Conor Garland            1  0  1   1  0   5  0  0  0  0  0/0    16:17   2:45   0:00 
David Kampf              0  0  0   0  0   1  1  0  0  0  5/8    11:56   0:00   2:30 
Hampus Lindholm          1  0  1   2  0   1  1  0  0  0  0/0    21:46   2:47   2:00 
Jesse Puljujarvi         0  1  1   1  0   2  1  0  0  0  1/4    16:02   0:00   2:30 
Joel Farabee             0  1  1   1  0   2  0  0  0  0  0/0    14:25   0:00   1:28 
Jonas Siegenthaler       0  0  0   2  0   0  0  0  0  0  0/0    18:33   0:00   1:58 
Martin Fehervary         1  0  1   1  2   3  1  0  0  0  0/0    17:01   0:00   0:57 
Mason Appleton           0  0  0   0  0   0  0  0  0  0  0/2     9:26   0:00   0:00 
Nico Hischier            1  2  3   0  0   5  1  0  0  0  16/20  17:22   2:34   0:00 
Patrik Laine             0  0  0   0  0   1  0  0  0  0  0/0    17:22   2:34   0:00 
Paul Stastny             1  0  1   1  0   1  0  0  0  0  14/24  15:42   2:45   0:00 
Travis Boyd              0  0  0   0  0   1  0  0  0  0  7/14    9:26   0:00   0:00 
Tyler Myers              0  0  0  -1  0   1  2  0  0  0  0/0    22:11   2:32   2:00 
Zachary Werenski         0  1  1  -1  2   0  0  0  0  0  0/0    21:50   2:47   1:01 

Players Stats for EDMONTON ICE

Player Name              G  A  P  +/- PIM S  H  SB GA TA FO     MP     PP MP  PK MP  
------------------------------------------------------------------------------------
Andy Greene              0  0  0  -2  0   0  0  4  0  0  0/0    15:15   0:00   2:40 
Anthony Mantha           0  0  0   0  0   2  0  0  0  0  0/4    19:45   2:25   0:00 
Anton Lundell            1  0  1   0  0   4  0  0  0  0  14/30  19:21   1:33   0:28 
Austin Watson            0  0  0  -1  0   0  0  0  0  0  0/1    13:46   0:00   1:32 
Joel Eriksson Ek         0  0  0   0  0   2  1  0  0  0  12/23  20:56   2:25   0:00 
Jonas Brodin             0  0  0   0  0   2  1  4  0  0  0/0    23:52   2:25   2:55 
Joonas Donskoi           0  0  0  -1  0   0  0  0  0  0  0/1    16:45   1:33   2:58 
Jordan Spence            0  0  0   0  2   0  1  0  0  0  0/0    20:46   1:33   0:42 
Kieffer Bellows          0  0  0  -1  0   1  0  0  0  0  0/0     2:38   0:00   0:00 
Nicholas Boka            0  0  0   0  0   0  0  0  0  0  0/0     0:00   0:00   0:00 
Reese Johnson            0  0  0  -1  0   1  0  0  0  0  0/0     2:38   0:00   0:00 
Ryan Carpenter           0  0  0  -1  0   1  0  0  0  0  5/15   13:46   0:00   1:32 
Ryan Graves              0  0  0   0  2   0  0  1  0  0  0/0    21:07   1:33   1:41 
Scott Laughton           0  0  0  -1  2   2  2  0  0  0  4/14   24:03   0:00   2:55 
Shea Theodore            0  1  1   0  0   1  0  2  0  0  0/0    24:41   2:25   2:40 
Tanner Jeannot           0  1  1   0  0   2  7  0  0  0  0/0    18:53   1:33   0:00 
Timo Meier               0  0  0   0  0   4  3  0  0  0  1/3    22:09   2:25   1:13 
Zach Whitecloud          0  0  0  -2  0   0  2  0  0  0  0/0    14:17   0:00   0:00 

3 Stars

1 - Nico Hischier (OAK)
2 - Boone Jenner (OAK)
3 - Hampus Lindholm (OAK)

Power Play

OAKLAND GORILLAS - 2 on 3 Attempt(s) - 66,67%
EDMONTON ICE - 0 on 2 Attempt(s) - 0,00%

Penalty Kill

OAKLAND GORILLAS - 2 on 2 Attempt(s) - 100,00% - Score 0 goal in Penalty Kill
EDMONTON ICE - 1 on 3 Attempt(s) - 33,33% - Score 0 goal in Penalty Kill

Team Stat

OAKLAND GORILLAS - Hits : 10 - Faceoff Wins : 55 - Blocked Shots : 0 - Penalty Minutes : 4
EDMONTON ICE - Hits : 17 - Faceoff Wins : 36 - Blocked Shots : 11 - Penalty Minutes : 6

Official

Referees : Reid Anderson and Pierre Lambert
Linesman : Kelsey Mahoney and Julien Fournier

Game Notes

Alex Nedeljkovic enters game at 16:29 of 2nd period

Finance

Level 1 -- Attendance: 5156 (85,93%) -- Ticket Income 979 640 $
Level 2 -- Attendance: 3829 (76,58%) -- Ticket Income 478 625 $
Level 3 -- Attendance: 2000 (100,00%) -- Ticket Income 200 000 $
Level 4 -- Attendance: 3919 (65,32%) -- Ticket Income 254 735 $
Luxury Box -- Attendance: 839 (83,90%) -- Ticket Income 285 260 $
Total Attendance: 15743 (78,72%)
Total Ticket Income: 2 198 260 $
Other Expense: 21 983 $
Total Income: 2 176 277 $

OAKLAND GORILLAS

5 vs 5 Forward 
   Center                   Left Wing                Right Wing               Time % Phy DF OF 
 1 Nico Hischier            Patrik Laine             Brock Boeser             27     1   2  2  
 2 Boone Jenner             Conor Garland            Jesse Puljujarvi         27     1   2  2  
 3 Paul Stastny             Joel Farabee             Calle Jarnkrok           26     1   2  2  
 4 Travis Boyd              David Kampf              Mason Appleton           20     1   2  2  

5 vs 5 Defense 
   Defense                  Defense                                           Time % Phy DF OF 
 1 Zachary Werenski         Tyler Myers                                       34     1   2  2  
 2 Hampus Lindholm          Jonas Siegenthaler                                33     1   2  2  
 3 Cameron York             Martin Fehervary                                  33     1   2  2  
 4 Hampus Lindholm          Zachary Werenski                                  0      1   2  2  

PowerPlay Forward 
   Center                   Left Wing                Right Wing               Time % Phy DF OF 
 1 Nico Hischier            Patrik Laine             Boone Jenner             50     1   2  2  
 2 Paul Stastny             Conor Garland            Brock Boeser             50     1   2  2  

PowerPlay Defense
   Defense                  Defense                                           Time % Phy DF OF 
 1 Zachary Werenski         Hampus Lindholm                                   55     1   2  2  
 2 Cameron York             Tyler Myers                                       45     1   2  2  

Penalty Kill 4 Players Forward 
   Center                   Wing                     Time % Phy DF OF 
 1 David Kampf              Jesse Puljujarvi         55     1   2  2  
 2 Calle Jarnkrok           Joel Farabee             45     1   2  2  

Penalty Kill 4 Players Defense
   Defense                  Defense                  Time % Phy DF OF 
 1 Hampus Lindholm          Tyler Myers              51     1   2  2  
 2 Zachary Werenski         Jonas Siegenthaler       49     1   2  2  

Penalty Kill - 3 Players Forward 
   Forward                                           Time % Phy DF OF 
 1 Nico Hischier                                     55     1   2  2  
 2 Paul Stastny                                      45     1   2  2  

Penalty Kill - 3 Players Defense
   Defense                  Defense                  Time % Phy DF OF 
 1 Hampus Lindholm          Tyler Myers              50     1   2  2  
 2 Jonas Siegenthaler       Zachary Werenski         50     1   2  2  

4 vs 4 Forward 
   Center                   Wing                     Time % Phy DF OF 
 1 Nico Hischier            Patrik Laine             55     1   2  2  
 2 Boone Jenner             Paul Stastny             45     1   2  2  

4 vs 4 Defense
   Defense                  Defense                  Time % Phy DF OF 
 1 Zachary Werenski         Tyler Myers              55     1   2  2  
 2 Hampus Lindholm          Martin Fehervary         45     1   2  2  

Last Minutes Offensive
   Center                   Left Wing                Right Wing               Defense                  Defense                  
   Nico Hischier            Patrik Laine             Boone Jenner             Zachary Werenski         Hampus Lindholm          

Last Minutes Defensive
   Center                   Left Wing                Right Wing               Defense                  Defense                  
   Nico Hischier            Boone Jenner             Paul Stastny             Hampus Lindholm          Tyler Myers              

Goaltenders
Starting : James Reimer             
Backup : Alexandar Georgiev       

Extra Forwards
Normal : Nico Hischier, Patrik Laine, Boone Jenner - PP : Calle Jarnkrok, Joel Farabee - PK : Nico Hischier
Extra Defensemen
Normal : Zachary Werenski, Hampus Lindholm, Tyler Myers - PP : Jonas Siegenthaler - PK : Martin Fehervary, Cameron York
Penalty Shots
Patrik Laine, Nico Hischier, Boone Jenner, Brock Boeser, Conor Garland
Custom OT Lines Forwards
Nico Hischier, Patrik Laine, Boone Jenner, Conor Garland, Brock Boeser, Paul Stastny, Jesse Puljujarvi, Calle Jarnkrok, Joel Farabee, David Kampf
Custom OT Lines Defensemen
Zachary Werenski, Tyler Myers, Hampus Lindholm, Martin Fehervary, Jonas Siegenthaler

Scratches
Nico Sturm (Healthy)

EDMONTON ICE

5 vs 5 Forward 
   Center                   Left Wing                Right Wing               Time % Phy DF OF 
 1 Joel Eriksson Ek         Scott Laughton           Timo Meier               38     0   2  3  
 2 Anton Lundell            Tanner Jeannot           Anthony Mantha           36     1   2  2  
 3 Ryan Carpenter           Austin Watson            Joonas Donskoi           22     1   3  1  
 4 Scott Laughton           Kieffer Bellows          Reese Johnson            4      1   4  0  

5 vs 5 Defense 
   Defense                  Defense                                           Time % Phy DF OF 
 1 Shea Theodore            Ryan Graves                                       36     1   2  2  
 2 Jonas Brodin             Jordan Spence                                     34     0   3  2  
 3 Zach Whitecloud          Andy Greene                                       24     1   3  1  
 4 Shea Theodore            Zach Whitecloud                                   6      0   4  1  

PowerPlay Forward 
   Center                   Left Wing                Right Wing               Time % Phy DF OF 
 1 Joel Eriksson Ek         Timo Meier               Anthony Mantha           55     0   1  4  
 2 Anton Lundell            Joonas Donskoi           Tanner Jeannot           45     0   2  3  

PowerPlay Defense
   Defense                  Defense                                           Time % Phy DF OF 
 1 Shea Theodore            Jonas Brodin                                      55     0   2  3  
 2 Ryan Graves              Jordan Spence                                     45     1   2  2  

Penalty Kill 4 Players Forward 
   Center                   Wing                     Time % Phy DF OF 
 1 Scott Laughton           Joonas Donskoi           57     0   4  1  
 2 Ryan Carpenter           Austin Watson            43     0   4  1  

Penalty Kill 4 Players Defense
   Defense                  Defense                  Time % Phy DF OF 
 1 Jonas Brodin             Ryan Graves              57     0   5  0  
 2 Shea Theodore            Andy Greene              43     0   5  0  

Penalty Kill - 3 Players Forward 
   Forward                                           Time % Phy DF OF 
 1 Anton Lundell                                     55     0   5  0  
 2 Ryan Carpenter                                    45     0   5  0  

Penalty Kill - 3 Players Defense
   Defense                  Defense                  Time % Phy DF OF 
 1 Jonas Brodin             Ryan Graves              55     0   5  0  
 2 Zach Whitecloud          Andy Greene              45     0   5  0  

4 vs 4 Forward 
   Center                   Wing                     Time % Phy DF OF 
 1 Anton Lundell            Timo Meier               55     1   2  2  
 2 Joel Eriksson Ek         Kieffer Bellows          45     1   2  2  

4 vs 4 Defense
   Defense                  Defense                  Time % Phy DF OF 
 1 Shea Theodore            Zach Whitecloud          55     1   2  2  
 2 Jordan Spence            Jonas Brodin             45     1   2  2  

Last Minutes Offensive
   Center                   Left Wing                Right Wing               Defense                  Defense                  
   Joel Eriksson Ek         Timo Meier               Anthony Mantha           Shea Theodore            Jonas Brodin             

Last Minutes Defensive
   Center                   Left Wing                Right Wing               Defense                  Defense                  
   Joel Eriksson Ek         Anton Lundell            Tanner Jeannot           Shea Theodore            Jonas Brodin             

Goaltenders
Starting : Jonathan Quick           
Backup : Alex Nedeljkovic         

Extra Forwards
Normal : Anton Lundell, Scott Laughton, Anthony Mantha - PP : Scott Laughton, Anton Lundell - PK : Timo Meier
Extra Defensemen
Normal : Shea Theodore, Jordan Spence, Zach Whitecloud - PP : Ryan Graves - PK : Shea Theodore, Jordan Spence
Penalty Shots
Timo Meier, Anton Lundell, Anthony Mantha, Joel Eriksson Ek, Tanner Jeannot
Custom OT Lines Forwards
Timo Meier, Joel Eriksson Ek, Anton Lundell, Anthony Mantha, Scott Laughton, Tanner Jeannot, Joonas Donskoi, Ryan Carpenter, Austin Watson, Kieffer Bellows
Custom OT Lines Defensemen
Shea Theodore, Jonas Brodin, Ryan Graves, Jordan Spence, Zach Whitecloud

Scratches
Jack Eichel (Left Knee Injury), Thomas Novak (Right Hand Injury), Michael Matheson (Fractured Metatarsal (Left Foot) Injury), Scott Wedgewood (Healthy)

% Time on Ice - OAKLAND GORILLAS

Lines # - Real PCT - Wanted PCT - Time Play
Normal Forward
1 - 29% - 27% - 14:48
2 - 27% - 27% - 13:32
3 - 26% - 26% - 12:57
4 - 19% - 20% - 9:26
Normal Defense
1 - 35% - 34% - 17:39
2 - 33% - 33% - 16:35
3 - 32% - 33% - 16:05
4 - 1% - 0% - 0:24
PP Forward
1 - 48% - 50% - 2:34
2 - 52% - 50% - 2:45
PP Defense
1 - 52% - 55% - 2:47
2 - 48% - 45% - 2:32
PK Forward
1 - 63% - 55% - 2:30
2 - 37% - 45% - 1:28
PK Defense
1 - 50% - 51% - 2:00
2 - 50% - 49% - 1:58
PK3 Forward
1 - 0% - 55%
2 - 0% - 45%
PK3 Defense
1 - 0% - 50%
2 - 0% - 50%
44 Forward
1 - 0% - 55%
2 - 0% - 45%
44 Defense
1 - 0% - 55%
2 - 0% - 45%
Last Minute Offensive  - 0:00
Last Minute Defensive  - 0:00
Total
Forward - 60:00
Defense - 60:00

% Time on Ice - EDMONTON ICE

Lines # - Real PCT - Wanted PCT - Time Play
Normal Forward
1 - 37% - 38% - 18:31
2 - 34% - 36% - 17:20
3 - 24% - 22% - 12:14
4 - 5% - 4% - 2:38
Normal Defense
1 - 35% - 36% - 17:54
2 - 37% - 34% - 18:32
3 - 25% - 24% - 12:35
4 - 3% - 6% - 1:42
PP Forward
1 - 61% - 55% - 2:25
2 - 39% - 45% - 1:33
PP Defense
1 - 61% - 55% - 2:25
2 - 39% - 45% - 1:33
PK Forward
1 - 71% - 57% - 3:47
2 - 29% - 43% - 1:32
PK Defense
1 - 55% - 57% - 2:55
2 - 45% - 43% - 2:24
PK3 Forward
1 - 0% - 55%
2 - 0% - 45%
PK3 Defense
1 - 0% - 55%
2 - 0% - 45%
44 Forward
1 - 0% - 55%
2 - 0% - 45%
44 Defense
1 - 0% - 55%
2 - 0% - 45%
Last Minute Offensive  - 0:00
Last Minute Defensive  - 0:00
Total
Forward - 60:00
Defense - 60:00

Play-by-Play

1st period


0:01 of 1st period - Nico Hischier wins face-off versus Timo Meier in neutral zone.
0:46 of 1st period - Timo Meier is hit by Tyler Myers and loses puck.
0:56 of 1st period - Off-side.
0:57 of 1st period - Anton Lundell wins face-off versus Boone Jenner in neutral zone.
1:06 of 1st period - Icing by Jesse Puljujarvi.
1:07 of 1st period - Boone Jenner wins face-off versus Ryan Carpenter in OAKLAND GORILLAS zone.
1:13 of 1st period - Icing by Jonas Siegenthaler.
1:14 of 1st period - Anton Lundell wins face-off versus Jesse Puljujarvi in OAKLAND GORILLAS zone.
1:43 of 1st period - Shot by Conor Garland.
1:43 of 1st period - Goal by Conor Garland - OAKLAND GORILLAS : 1 - EDMONTON ICE : 0.
1:44 of 1st period - Paul Stastny wins face-off versus Austin Watson in neutral zone.
1:50 of 1st period - Joel Farabee is hit by Jordan Spence and loses puck.
1:57 of 1st period - Shot by Paul Stastny.
1:57 of 1st period - Shot Blocked by Jonas Brodin.
1:59 of 1st period - Shot by Paul Stastny.
1:59 of 1st period - Shot Blocked by Jonas Brodin.
2:14 of 1st period - Off-side.
2:15 of 1st period - Travis Boyd wins face-off versus Scott Laughton in neutral zone.
2:19 of 1st period - David Kampf is hit by Zach Whitecloud and loses puck.
2:36 of 1st period - Shot by Scott Laughton.
2:36 of 1st period - Deflect By Reese Johnson.
2:36 of 1st period - Shot Misses the Net.
2:38 of 1st period - Shot by Reese Johnson.
2:38 of 1st period - Stopped by James Reimer without a rebound.
2:39 of 1st period - Anton Lundell wins face-off versus Paul Stastny in OAKLAND GORILLAS zone.
3:11 of 1st period - Shot by Cameron York.
3:11 of 1st period - Stopped by Jonathan Quick without a rebound.
3:12 of 1st period - Joel Eriksson Ek wins face-off versus Mason Appleton in EDMONTON ICE zone.
4:15 of 1st period - Icing by Hampus Lindholm.
4:16 of 1st period - Anton Lundell wins face-off versus Travis Boyd in OAKLAND GORILLAS zone.
5:05 of 1st period - Shot by Boone Jenner.
5:05 of 1st period - Shot Misses the Net.
5:07 of 1st period - Shot by Tyler Myers.
5:07 of 1st period - Shot Misses the Net.
5:09 of 1st period - Shot by Conor Garland.
5:09 of 1st period - Stopped by Jonathan Quick without a rebound.
5:10 of 1st period - Nico Hischier wins face-off versus Ryan Carpenter in EDMONTON ICE zone.
5:30 of 1st period - Brock Boeser is hit by Zach Whitecloud and loses puck.
5:43 of 1st period - Shot by Nico Hischier.
5:43 of 1st period - Stopped by Jonathan Quick without a rebound.
5:44 of 1st period - Paul Stastny wins face-off versus Joel Eriksson Ek in EDMONTON ICE zone.
5:51 of 1st period - Shot by Joel Farabee.
5:51 of 1st period - Shot Misses the Net.
5:53 of 1st period - Shot by Tyler Myers.
5:53 of 1st period - Stopped by Jonathan Quick without a rebound.
5:54 of 1st period - Joel Eriksson Ek wins face-off versus Paul Stastny in EDMONTON ICE zone.
6:31 of 1st period - Tyler Myers is hit by Timo Meier and loses puck.
6:48 of 1st period - Icing by Tyler Myers.
6:49 of 1st period - Anton Lundell wins face-off versus Paul Stastny in OAKLAND GORILLAS zone.
7:00 of 1st period - Shot by Anthony Mantha.
7:00 of 1st period - Stopped by James Reimer without a rebound.
7:01 of 1st period - Boone Jenner wins face-off versus Ryan Carpenter in OAKLAND GORILLAS zone.
7:06 of 1st period - Jordan Spence is hit by Boone Jenner and loses puck.
7:27 of 1st period - Shot by Ryan Carpenter.
7:27 of 1st period - Stopped by James Reimer without a rebound.
7:28 of 1st period - Anton Lundell wins face-off versus Nico Hischier in OAKLAND GORILLAS zone.
8:06 of 1st period - Shot by Nico Hischier.
8:06 of 1st period - Shot Blocked by Andy Greene.
8:26 of 1st period - Shot by Boone Jenner.
8:26 of 1st period - Stopped by Jonathan Quick with a rebound.
8:30 of 1st period - Shot by Boone Jenner.
8:30 of 1st period - Stopped by Jonathan Quick without a rebound.
8:31 of 1st period - Joel Eriksson Ek wins face-off versus Travis Boyd in EDMONTON ICE zone.
8:50 of 1st period - Shot by Timo Meier.
8:50 of 1st period - Stopped by James Reimer without a rebound.
8:51 of 1st period - Boone Jenner wins face-off versus Ryan Carpenter in OAKLAND GORILLAS zone.
9:24 of 1st period - Shot by Joonas Donskoi.
9:24 of 1st period - Shot Misses the Net.
10:25 of 1st period - Icing by Joel Eriksson Ek.
10:26 of 1st period - Joel Eriksson Ek wins face-off versus Paul Stastny in EDMONTON ICE zone.
10:26 of 1st period - Joel Eriksson Ek is hit by Calle Jarnkrok.
10:35 of 1st period - Joel Eriksson Ek is hit by Hampus Lindholm and loses puck.
10:40 of 1st period - Shot by Scott Laughton.
10:40 of 1st period - Stopped by James Reimer without a rebound.
10:41 of 1st period - Travis Boyd wins face-off versus Anton Lundell in OAKLAND GORILLAS zone.
10:41 of 1st period - Travis Boyd is hit by Tanner Jeannot.
11:03 of 1st period - Shot by Anthony Mantha.
11:03 of 1st period - Deflect By Anton Lundell.
11:03 of 1st period - Stopped by James Reimer without a rebound.
11:04 of 1st period - Paul Stastny wins face-off versus Ryan Carpenter in OAKLAND GORILLAS zone.
11:18 of 1st period - Shot by Paul Stastny.
11:18 of 1st period - Goal by Paul Stastny - OAKLAND GORILLAS : 2 - EDMONTON ICE : 0.
11:19 of 1st period - Nico Hischier wins face-off versus Anton Lundell in neutral zone.
11:34 of 1st period - Shot by Nico Hischier.
11:34 of 1st period - Shot Misses the Net.
11:36 of 1st period - Shot by Martin Fehervary.
11:36 of 1st period - Stopped by Jonathan Quick without a rebound.
11:37 of 1st period - Paul Stastny wins face-off versus Joel Eriksson Ek in EDMONTON ICE zone.
11:44 of 1st period - Shot by Calle Jarnkrok.
11:44 of 1st period - Stopped by Jonathan Quick without a rebound.
11:45 of 1st period - Paul Stastny wins face-off versus Joel Eriksson Ek in EDMONTON ICE zone.
12:12 of 1st period - Shot by Joel Eriksson Ek.
12:12 of 1st period - Shot Misses the Net.
12:14 of 1st period - Shot by Timo Meier.
12:14 of 1st period - Shot Misses the Net.
13:23 of 1st period - Icing by Jonas Brodin.
13:24 of 1st period - Boone Jenner wins face-off versus Anton Lundell in EDMONTON ICE zone.
13:30 of 1st period - Icing by Jonas Brodin.
13:31 of 1st period - Anton Lundell wins face-off versus Travis Boyd in EDMONTON ICE zone.
13:39 of 1st period - Icing by Tyler Myers.
13:40 of 1st period - Travis Boyd wins face-off versus Scott Laughton in OAKLAND GORILLAS zone.
14:14 of 1st period - Shot by Travis Boyd.
14:14 of 1st period - Shot Misses the Net.
14:22 of 1st period - Shot by David Kampf.
14:22 of 1st period - Stopped by Jonathan Quick without a rebound.
14:23 of 1st period - Boone Jenner wins face-off versus Ryan Carpenter in EDMONTON ICE zone.
14:52 of 1st period - Icing by Shea Theodore.
14:53 of 1st period - Nico Hischier wins face-off versus Ryan Carpenter in EDMONTON ICE zone.
16:05 of 1st period - Shot by Joel Eriksson Ek.
16:05 of 1st period - Deflect By Timo Meier.
16:05 of 1st period - Shot Misses the Net.
16:15 of 1st period - Shot by Boone Jenner.
16:15 of 1st period - Shot Misses the Net.
16:17 of 1st period - Shot by Conor Garland.
16:17 of 1st period - Stopped by Jonathan Quick with a rebound.
16:24 of 1st period - Timo Meier is hit by Martin Fehervary and loses puck.
17:05 of 1st period - Shot by Zachary Werenski.
17:05 of 1st period - Shot Misses the Net.
17:12 of 1st period - Icing by Anthony Mantha.
17:13 of 1st period - Travis Boyd wins face-off versus Anton Lundell in EDMONTON ICE zone.
18:44 of 1st period - Icing by Jonas Brodin.
18:45 of 1st period - Scott Laughton wins face-off versus Paul Stastny in EDMONTON ICE zone.
18:53 of 1st period - Minor Penalty to Jordan Spence for Cross-checking.
18:54 of 1st period - Nico Hischier wins face-off versus Scott Laughton in EDMONTON ICE zone.
19:30 of 1st period - Shot by Tyler Myers.
19:30 of 1st period - Shot Misses the Net.
Goals for this period are 2 for OAKLAND GORILLAS vs 0 for EDMONTON ICE.
Shots for this period are 12 for OAKLAND GORILLAS vs 6 for EDMONTON ICE.

2nd period


0:01 of 2nd period - Paul Stastny wins face-off versus Scott Laughton in neutral zone.
0:13 of 2nd period - Icing by Paul Stastny.
0:14 of 2nd period - Scott Laughton wins face-off versus Paul Stastny in OAKLAND GORILLAS zone.
0:20 of 2nd period - Icing by Hampus Lindholm.
0:21 of 2nd period - Paul Stastny wins face-off versus Scott Laughton in OAKLAND GORILLAS zone.
0:21 of 2nd period - Paul Stastny is hit by Scott Laughton.
0:46 of 2nd period - Shot by Conor Garland.
0:46 of 2nd period - Stopped by Jonathan Quick with a rebound.
0:59 of 2nd period - Minor Penalty to Martin Fehervary for Delaying the game.
1:00 of 2nd period - David Kampf wins face-off versus Anthony Mantha in OAKLAND GORILLAS zone.
1:29 of 2nd period - Shot by Shea Theodore.
1:29 of 2nd period - Shot Misses the Net.
1:31 of 2nd period - Shot by Shea Theodore.
1:31 of 2nd period - Stopped by James Reimer without a rebound.
1:32 of 2nd period - Anton Lundell wins face-off versus Calle Jarnkrok in OAKLAND GORILLAS zone.
2:57 of 2nd period - Icing by Shea Theodore.
2:58 of 2nd period - David Kampf wins face-off versus Anthony Mantha in EDMONTON ICE zone.
2:59 of 2nd period - Shot by Jesse Puljujarvi.
2:59 of 2nd period - Stopped by Jonathan Quick without a rebound.
3:00 of 2nd period - Nico Hischier wins face-off versus Scott Laughton in EDMONTON ICE zone.
3:03 of 2nd period - Shot by Nico Hischier.
3:03 of 2nd period - Shot Blocked by Andy Greene.
3:17 of 2nd period - Shot by Brock Boeser.
3:17 of 2nd period - Stopped by Jonathan Quick with a rebound.
3:19 of 2nd period - Shot by Martin Fehervary.
3:19 of 2nd period - Goal by Martin Fehervary - OAKLAND GORILLAS : 3 - EDMONTON ICE : 0.
3:20 of 2nd period - Calle Jarnkrok wins face-off versus Anton Lundell in neutral zone.
3:36 of 2nd period - Shot by Anthony Mantha.
3:36 of 2nd period - Stopped by James Reimer without a rebound.
3:37 of 2nd period - Joel Eriksson Ek wins face-off versus Boone Jenner in OAKLAND GORILLAS zone.
4:04 of 2nd period - Shot by Timo Meier.
4:04 of 2nd period - Deflect By Joel Eriksson Ek.
4:04 of 2nd period - Shot Misses the Net.
4:06 of 2nd period - Shot by Scott Laughton.
4:06 of 2nd period - Stopped by James Reimer with a rebound.
4:08 of 2nd period - Shot by Jonas Brodin.
4:08 of 2nd period - Stopped by James Reimer without a rebound.
4:09 of 2nd period - Nico Hischier wins face-off versus Anton Lundell in OAKLAND GORILLAS zone.
4:11 of 2nd period - Icing by Patrik Laine.
4:12 of 2nd period - Nico Hischier wins face-off versus Anton Lundell in OAKLAND GORILLAS zone.
4:27 of 2nd period - Shot by Anton Lundell.
4:27 of 2nd period - Goal by Anton Lundell - OAKLAND GORILLAS : 3 - EDMONTON ICE : 1.
4:28 of 2nd period - Scott Laughton wins face-off versus Paul Stastny in neutral zone.
4:39 of 2nd period - Paul Stastny is hit by Timo Meier and loses puck.
4:58 of 2nd period - Shot by Joel Farabee.
4:58 of 2nd period - Stopped by Jonathan Quick without a rebound.
4:59 of 2nd period - Boone Jenner wins face-off versus Anton Lundell in EDMONTON ICE zone.
5:21 of 2nd period - Shot by Jesse Puljujarvi.
5:21 of 2nd period - Shot Misses the Net.
5:23 of 2nd period - Shot by Zachary Werenski.
5:23 of 2nd period - Shot Misses the Net.
5:56 of 2nd period - Off-side.
5:57 of 2nd period - Nico Hischier wins face-off versus Joel Eriksson Ek in neutral zone.
6:30 of 2nd period - Shot by Brock Boeser.
6:30 of 2nd period - Stopped by Jonathan Quick with a rebound.
6:32 of 2nd period - Shot by Brock Boeser.
6:32 of 2nd period - Shot Blocked by Jonas Brodin.
6:34 of 2nd period - Shot by Hampus Lindholm.
6:34 of 2nd period - Deflect By Brock Boeser.
6:34 of 2nd period - Shot Misses the Net.
8:34 of 2nd period - Shot by Boone Jenner.
8:34 of 2nd period - Shot Blocked by Ryan Graves.
9:25 of 2nd period - Shot by Nico Hischier.
9:25 of 2nd period - Stopped by Jonathan Quick without a rebound.
9:26 of 2nd period - Travis Boyd wins face-off versus Joel Eriksson Ek in EDMONTON ICE zone.
9:38 of 2nd period - Icing by Jonas Brodin.
9:39 of 2nd period - Nico Hischier wins face-off versus Joel Eriksson Ek in EDMONTON ICE zone.
11:09 of 2nd period - Shot by Andy Greene.
11:09 of 2nd period - Shot Misses the Net.
11:51 of 2nd period - Icing by Tanner Jeannot.
11:52 of 2nd period - Anton Lundell wins face-off versus David Kampf in EDMONTON ICE zone.
12:14 of 2nd period - Icing by Tyler Myers.
12:15 of 2nd period - Joel Eriksson Ek wins face-off versus Travis Boyd in OAKLAND GORILLAS zone.
12:44 of 2nd period - Shot by Timo Meier.
12:44 of 2nd period - Stopped by James Reimer without a rebound.
12:45 of 2nd period - Boone Jenner wins face-off versus Anton Lundell in OAKLAND GORILLAS zone.
12:45 of 2nd period - Boone Jenner is hit by Tanner Jeannot.
13:01 of 2nd period - Shot by Tanner Jeannot.
13:01 of 2nd period - Stopped by James Reimer without a rebound.
13:02 of 2nd period - Nico Hischier wins face-off versus Joel Eriksson Ek in OAKLAND GORILLAS zone.
13:02 of 2nd period - Nico Hischier is hit by Scott Laughton.
14:03 of 2nd period - Nico Hischier is hit by Tanner Jeannot.
14:58 of 2nd period - Minor Penalty to Ryan Graves for Hooking.
14:59 of 2nd period - Paul Stastny wins face-off versus Scott Laughton in EDMONTON ICE zone.
15:15 of 2nd period - Shot by Conor Garland.
15:15 of 2nd period - Shot Blocked by Jonas Brodin.
15:49 of 2nd period - Icing by Zachary Werenski.
15:50 of 2nd period - Ryan Carpenter wins face-off versus Boone Jenner in OAKLAND GORILLAS zone.
16:08 of 2nd period - Icing by Hampus Lindholm.
16:09 of 2nd period - Scott Laughton wins face-off versus Nico Hischier in OAKLAND GORILLAS zone.
16:13 of 2nd period - Icing by Nico Hischier.
16:14 of 2nd period - Nico Hischier wins face-off versus Scott Laughton in OAKLAND GORILLAS zone.
16:29 of 2nd period - Shot by Nico Hischier.
16:29 of 2nd period - Goal by Nico Hischier - OAKLAND GORILLAS : 4 - EDMONTON ICE : 1.
16:29 of 2nd period - Alex Nedeljkovic enters game.
16:30 of 2nd period - Paul Stastny wins face-off versus Anton Lundell in neutral zone.
16:30 of 2nd period - Paul Stastny is hit by Tanner Jeannot.
17:02 of 2nd period - Cameron York is hit by Tanner Jeannot and loses puck.
17:13 of 2nd period - Shot by Paul Stastny.
17:13 of 2nd period - Shot Misses the Net.
17:22 of 2nd period - Icing by Andy Greene.
17:23 of 2nd period - Anton Lundell wins face-off versus Boone Jenner in EDMONTON ICE zone.
17:23 of 2nd period - Anton Lundell is hit by Jesse Puljujarvi.
18:57 of 2nd period - Icing by Travis Boyd.
18:58 of 2nd period - Anton Lundell wins face-off versus Travis Boyd in OAKLAND GORILLAS zone.
19:57 of 2nd period - Shot by Nico Hischier.
19:57 of 2nd period - Stopped by Alex Nedeljkovic with a rebound.
Goals for this period are 2 for OAKLAND GORILLAS vs 1 for EDMONTON ICE.
Shots for this period are 9 for OAKLAND GORILLAS vs 7 for EDMONTON ICE.

3rd period


0:01 of 3rd period - Joel Eriksson Ek wins face-off versus Paul Stastny in neutral zone.
0:08 of 3rd period - Shot by Joel Eriksson Ek.
0:08 of 3rd period - Shot Misses the Net.
0:43 of 3rd period - Icing by Joel Eriksson Ek.
0:44 of 3rd period - Nico Hischier wins face-off versus Joel Eriksson Ek in EDMONTON ICE zone.
0:48 of 3rd period - Icing by Scott Laughton.
0:49 of 3rd period - Boone Jenner wins face-off versus Scott Laughton in EDMONTON ICE zone.
0:58 of 3rd period - Shot by Conor Garland.
0:58 of 3rd period - Shot Blocked by Shea Theodore.
1:29 of 3rd period - Off-side.
1:30 of 3rd period - Nico Hischier wins face-off versus Anton Lundell in neutral zone.
1:39 of 3rd period - Shot by Anton Lundell.
1:39 of 3rd period - Stopped by James Reimer without a rebound.
1:40 of 3rd period - Ryan Carpenter wins face-off versus Nico Hischier in OAKLAND GORILLAS zone.
2:23 of 3rd period - Shot by Nico Hischier.
2:23 of 3rd period - Stopped by Alex Nedeljkovic without a rebound.
2:24 of 3rd period - Paul Stastny wins face-off versus Anton Lundell in EDMONTON ICE zone.
2:33 of 3rd period - Shot by Joel Farabee.
2:33 of 3rd period - Stopped by Alex Nedeljkovic without a rebound.
2:34 of 3rd period - Joel Eriksson Ek wins face-off versus Travis Boyd in EDMONTON ICE zone.
2:47 of 3rd period - Shot by Joel Eriksson Ek.
2:47 of 3rd period - Shot Misses the Net.
3:00 of 3rd period - Shot by Travis Boyd.
3:00 of 3rd period - Stopped by Alex Nedeljkovic without a rebound.
3:01 of 3rd period - Paul Stastny wins face-off versus Anton Lundell in EDMONTON ICE zone.
3:46 of 3rd period - Icing by Tanner Jeannot.
3:47 of 3rd period - Jesse Puljujarvi wins face-off versus Anton Lundell in EDMONTON ICE zone.
3:47 of 3rd period - Boone Jenner is hit by Jonas Brodin and loses puck.
3:50 of 3rd period - Shot by Tyler Myers.
3:50 of 3rd period - Shot Hit the Post.
3:58 of 3rd period - Shot by Conor Garland.
3:58 of 3rd period - Shot Misses the Net.
4:00 of 3rd period - Shot by Jesse Puljujarvi.
4:00 of 3rd period - Stopped by Alex Nedeljkovic without a rebound.
4:01 of 3rd period - Joel Eriksson Ek wins face-off versus Nico Hischier in EDMONTON ICE zone.
4:16 of 3rd period - Shot by Joel Eriksson Ek.
4:16 of 3rd period - Deflect By Timo Meier.
4:16 of 3rd period - Stopped by James Reimer without a rebound.
4:17 of 3rd period - Ryan Carpenter wins face-off versus Jesse Puljujarvi in OAKLAND GORILLAS zone.
4:25 of 3rd period - Off-side.
4:26 of 3rd period - Joel Eriksson Ek wins face-off versus Jesse Puljujarvi in neutral zone.
4:48 of 3rd period - Icing by Jonas Siegenthaler.
4:49 of 3rd period - Boone Jenner wins face-off versus Anton Lundell in OAKLAND GORILLAS zone.
4:49 of 3rd period - Boone Jenner is hit by Tanner Jeannot.
5:32 of 3rd period - Icing by Jordan Spence.
5:33 of 3rd period - Anton Lundell wins face-off versus Travis Boyd in EDMONTON ICE zone.
5:33 of 3rd period - Anton Lundell is hit by David Kampf.
5:38 of 3rd period - Minor Penalty to Zachary Werenski for Roughing.
5:39 of 3rd period - David Kampf wins face-off versus Timo Meier in OAKLAND GORILLAS zone.
5:39 of 3rd period - David Kampf is hit by Timo Meier.
5:46 of 3rd period - Icing by Joel Eriksson Ek.
5:47 of 3rd period - David Kampf wins face-off versus Joel Eriksson Ek in EDMONTON ICE zone.
6:10 of 3rd period - Shot by Joel Eriksson Ek.
6:10 of 3rd period - Stopped by James Reimer without a rebound.
6:11 of 3rd period - Anton Lundell wins face-off versus David Kampf in OAKLAND GORILLAS zone.
6:30 of 3rd period - Shot by Tanner Jeannot.
6:30 of 3rd period - Stopped by James Reimer without a rebound.
6:31 of 3rd period - Calle Jarnkrok wins face-off versus Anthony Mantha in OAKLAND GORILLAS zone.
6:40 of 3rd period - Shot by Joel Eriksson Ek.
6:40 of 3rd period - Shot Misses the Net.
6:42 of 3rd period - Shot by Jonas Brodin.
6:42 of 3rd period - Stopped by James Reimer without a rebound.
6:43 of 3rd period - Anton Lundell wins face-off versus Calle Jarnkrok in OAKLAND GORILLAS zone.
6:50 of 3rd period - Shot by Tanner Jeannot.
6:50 of 3rd period - Shot Misses the Net.
7:06 of 3rd period - Shot by Anton Lundell.
7:06 of 3rd period - Stopped by James Reimer without a rebound.
7:07 of 3rd period - David Kampf wins face-off versus Joel Eriksson Ek in OAKLAND GORILLAS zone.
7:07 of 3rd period - David Kampf is hit by Joel Eriksson Ek.
8:01 of 3rd period - Shot by Brock Boeser.
8:01 of 3rd period - Shot Blocked by Andy Greene.
8:03 of 3rd period - Shot by Patrik Laine.
8:03 of 3rd period - Stopped by Alex Nedeljkovic without a rebound.
8:04 of 3rd period - Ryan Carpenter wins face-off versus Paul Stastny in EDMONTON ICE zone.
8:26 of 3rd period - Off-side.
8:27 of 3rd period - Joel Eriksson Ek wins face-off versus David Kampf in neutral zone.
8:48 of 3rd period - Minor Penalty to Scott Laughton for Tripping.
8:49 of 3rd period - Timo Meier wins face-off versus Paul Stastny in EDMONTON ICE zone.
10:33 of 3rd period - Shot by Nico Hischier.
10:33 of 3rd period - Shot Blocked by Shea Theodore.
10:35 of 3rd period - Shot by Boone Jenner.
10:35 of 3rd period - Shot Blocked by Andy Greene.
10:37 of 3rd period - Shot by Hampus Lindholm.
10:37 of 3rd period - Goal by Hampus Lindholm - OAKLAND GORILLAS : 5 - EDMONTON ICE : 1.
10:38 of 3rd period - Joel Eriksson Ek wins face-off versus Mason Appleton in neutral zone.
10:47 of 3rd period - Shot by Joel Eriksson Ek.
10:47 of 3rd period - Stopped by James Reimer without a rebound.
10:48 of 3rd period - Travis Boyd wins face-off versus Anton Lundell in OAKLAND GORILLAS zone.
10:48 of 3rd period - Travis Boyd is hit by Tanner Jeannot.
11:41 of 3rd period - Off-side.
11:42 of 3rd period - Nico Hischier wins face-off versus Joel Eriksson Ek in neutral zone.
11:56 of 3rd period - Shot by Joel Eriksson Ek.
11:56 of 3rd period - Shot Misses the Net.
11:58 of 3rd period - Shot by Joel Eriksson Ek.
11:58 of 3rd period - Shot Misses the Net.
12:00 of 3rd period - Shot by Joel Eriksson Ek.
12:00 of 3rd period - Shot Hit the Post.
12:02 of 3rd period - Shot by Timo Meier.
12:02 of 3rd period - Stopped by James Reimer without a rebound.
12:03 of 3rd period - Paul Stastny wins face-off versus Ryan Carpenter in OAKLAND GORILLAS zone.
12:19 of 3rd period - Ryan Carpenter is hit by Calle Jarnkrok and loses puck.
14:40 of 3rd period - Shot by Conor Garland.
14:40 of 3rd period - Stopped by Alex Nedeljkovic with a rebound.
14:42 of 3rd period - Shot by Conor Garland.
14:42 of 3rd period - Shot Misses the Net.
14:44 of 3rd period - Shot by Jesse Puljujarvi.
14:44 of 3rd period - Shot Misses the Net.
14:55 of 3rd period - Shot by Jesse Puljujarvi.
14:55 of 3rd period - Shot Misses the Net.
14:57 of 3rd period - Shot by Martin Fehervary.
14:57 of 3rd period - Stopped by Alex Nedeljkovic without a rebound.
14:58 of 3rd period - Travis Boyd wins face-off versus Ryan Carpenter in EDMONTON ICE zone.
15:22 of 3rd period - Off-side.
15:23 of 3rd period - Paul Stastny wins face-off versus Anthony Mantha in neutral zone.
15:41 of 3rd period - Shot by Joel Farabee.
15:41 of 3rd period - Deflect By Calle Jarnkrok.
15:41 of 3rd period - Stopped by Alex Nedeljkovic without a rebound.
15:42 of 3rd period - Boone Jenner wins face-off versus Ryan Carpenter in EDMONTON ICE zone.
16:54 of 3rd period - Timo Meier is hit by Tyler Myers and loses puck.
17:25 of 3rd period - Shot by Joel Eriksson Ek.
17:25 of 3rd period - Shot Misses the Net.
17:39 of 3rd period - Tanner Jeannot is hit by Nico Hischier and loses puck.
18:11 of 3rd period - Shot by Tanner Jeannot.
18:11 of 3rd period - Shot Misses the Net.
18:13 of 3rd period - Shot by Anton Lundell.
18:13 of 3rd period - Shot Misses the Net.
18:15 of 3rd period - Shot by Anton Lundell.
18:15 of 3rd period - Shot Misses the Net.
18:24 of 3rd period - Icing by Tyler Myers.
18:25 of 3rd period - Nico Hischier wins face-off versus Scott Laughton in OAKLAND GORILLAS zone.
18:45 of 3rd period - Shot by Kieffer Bellows.
18:45 of 3rd period - Stopped by James Reimer without a rebound.
18:46 of 3rd period - Paul Stastny wins face-off versus Joonas Donskoi in OAKLAND GORILLAS zone.
18:53 of 3rd period - Shot by Paul Stastny.
18:53 of 3rd period - Shot Misses the Net.
19:40 of 3rd period - Icing by Joonas Donskoi.
19:41 of 3rd period - Ryan Carpenter wins face-off versus Boone Jenner in EDMONTON ICE zone.
Goals for this period are 1 for OAKLAND GORILLAS vs 0 for EDMONTON ICE.
Shots for this period are 9 for OAKLAND GORILLAS vs 9 for EDMONTON ICE.


DARCY
KUEMPER
JAKE
OETTINGER
NINO
NIEDERREITER

EAST COAST

HOCKEY LEAGUE

  • 1.CHI2QUE4
  • 2.LIM2CHA3
  • 3.LON3TRV5
  • 4.BAL5CHW6
  • 5.MANPIT
  • 6.NHWATL
  • 7.PETWOR
  • 8.RHI